 Dungeon Sprint DCSS version 0.31-a0-844-gdc52ec4e09 (webtiles) character file.

Game seed: 17462602659219561560

1422 sircluck the Grappler (level 8, -8/139 HPs)
             Began as a Troll Berserker on Sept 29, 2023.
             Was a Priest of Trog.
             Mangled by Aizul (15 damage)
             ... in the Dungeon (Sprint VII: "The Pits").
             The game lasted 00:00:58 (343 turns).

sircluck the Grappler (Troll Berserker)              Turns: 343, Time: 00:00:59

Health: -8/139     AC:  4    Str: 28    XL:     8   Next: 44%
Magic:  7/7        EV: 12    Int:  3    God:    Trog [***...]
Gold:   0          SH:  0    Dex:  9    Spells: 7/7 levels left

rFire   . .          .
                       - Unarmed
rCold   . . .        (no shield)
rNeg    . . .        a - +0 animal skin
rPois   .            (helmet restricted)
rElec   .            (no cloak)
rCorr   .            (gloves unavailable)
SInv    .            (boots unavailable)
Will    ++...        (no amulet) Stlth
                     (no ring)
HPRegen 2.23/turn    (no ring)
MPRegen 0.10/turn

%: no teleportation
@: berserking, lethally poisoned (-8 -> -16), strong-willed, regenerating, very
quick
A: large, unfitting armour, claws 3, regeneration 1, shaggy fur 1, tough skin 1
a: Renounce Religion, Berserk, Trog's Hand


You were in the Dungeon.
You worshipped Trog.
Trog was most pleased with you.
You visited 1 branch

Inventory:

Armour
 a - a +0 animal skin (worn)
Scrolls
 g - a scroll of blinking
Potions
 b - a potion of curing
 c - a potion of heal wounds
 d - a potion of haste
 e - 2 potions of magic
 f - a potion of berserk rage


   Skills:
 + Level 9.7 Fighting
 + Level 9.5 Dodging
 + Level 11.3 Unarmed Combat


You had 7 spell levels left.
You didn't know any spells.
Your spell library was empty.

Dungeon Overview and Level Annotations

Branches:
Dungeon (1/1)

Altars:

Annotations:
D Aizul


Innate Abilities, Weirdness & Mutations

You are too large for most types of armour.
You have claws for hands.
Your natural rate of healing is unusually fast.
You are covered in fur. (AC +1)
You have tough skin. (AC +1)


Message History

The arrow hits you!
Aizul says, "Fancy a snooze?"
Okay, then.
Your skin crawls.
You feel strong-willed.
Aizul screams, "I'll haunt your nightmares!"
Aizul coils herself and waves her upper body at you.
You easily resist.
You miss Aizul. Your claw misses Aizul. You claw Aizul!
Aizul is lightly wounded.
Aizul hits you! Aizul hits you!!
The centaur shoots an arrow.
The arrow hits you!
You miss Aizul. Your claw misses Aizul.
Aizul is lightly wounded.
Aizul casts a spell at you. The bolt of poison hits you!!
You are poisoned.
A red film seems to cover your vision as you go berserk!
You feel yourself moving faster!
You feel mighty!
You feel very sick.
Aizul coils herself and waves her upper body at you.
The poison arrow hits you!!!
You are more poisoned.
* * * LOW HITPOINT WARNING * * *
The centaur unwields a +0 shortbow.
The centaur hits you.
* * * LOW HITPOINT WARNING * * *
The centaur closely misses you.
You miss Aizul.
Aizul is lightly wounded.
* * * LOW HITPOINT WARNING * * *
You feel very sick. Aizul misses you. The centaur misses you.
The centaur kicks you but does no damage.
You claw Aizul!
Aizul is lightly wounded.
* * * LOW HITPOINT WARNING * * *
You feel very sick. Aizul hits you!
You die...

..# ..# ######## ..#
...##..# ..#
...##..# ..#
...''..# ..#
...''..##########S.#
...##...).......@cJ#
...##...)..........#
####################
## .### ...##


You could see Aizul, a centaur and a jelly.

Vanquished Creatures
  A flayed ghost (D)
  2 kobold demonologists (D)
  A small abomination (D)
  A ynoxinul (D)
  A wolf (D)
  2 kobolds (D)
8 creatures vanquished.

Notes
Turn   | Place    | Note
-------+----------+-------------------------------------------
     0 | D        | sircluck the Troll Berserker began the quest for the Orb.
     0 | D        | Reached XP level 1. HP: 22/22 MP: 0/0
    21 | D        | Noticed a ynoxinul
    21 | D        | Noticed a wolf
    21 | D        | Noticed a flayed ghost
    31 | D        | Killed a flayed ghost
    32 | D        | Reached skill level 9 in Unarmed Combat
    32 | D        | Reached XP level 2. HP: 21/41 MP: 1/1
    32 | D        | Reached XP level 3. HP: 25/48 MP: 2/2
    32 | D        | Reached XP level 4. HP: 30/57 MP: 3/3
    32 | D        | Reached XP level 5. HP: 33/63 MP: 4/4
    32 | D        | Reached XP level 6. HP: 38/72 MP: 5/5
    34 | D        | Reached XP level 7. HP: 36/80 MP: 6/6
    37 | D        | Killed a ynoxinul
    37 | D        | Reached ** piety under Trog
   146 | D        | Noticed a small abomination
   253 | D        | Noticed a kobold demonologist
   257 | D        | Noticed a kobold demonologist
   257 | D        | Noticed a chaos spawn
   263 | D        | Noticed a rust devil
   267 | D        | Killed a kobold demonologist
   268 | D        | Reached skill level 10 in Unarmed Combat
   272 | D        | Noticed a hellwing
   272 | D        | Killed a kobold demonologist
   272 | D        | Reached *** piety under Trog
   273 | D        | Reached skill level 11 in Unarmed Combat
   273 | D        | Reached XP level 8. HP: 79/92 MP: 7/7
   322 | D        | Killed a small abomination
   334 | D        | Noticed Aizul
   343 | D        | Mangled by Aizul

Illustrated notes

Levels and vault maps discovered:
D:        pitsprint [storerooms_1, entrance_room_1, metal_vault_1, armoury_2,
          mini_pit_1, grid_room_1, main_hall_1, silver_pit, the_coven_3,
          the_vestibule_1, steel_vault_4, golden_pit, hallway_of_sentries,
          crystal_vault_2, iron_vault_2, final_vault]

Skill      XL: |  1  2  3  4  5  6  7 |
---------------+----------------------+-----
Fighting       | 7 8 9 |  9.7
Dodging        | 7 9 |  9.5
Unarmed Combat | 9 11 | 11.3

Action                     |  1- 3 |  4- 6 |  7- 9 || total
---------------------------+-------+-------+-------++-------
  Melee: Unarmed           |     4 |     2 |    29 ||    35
         Punch             |     2 |       |       ||     2
 Invoke: Berserk           |     1 |       |     1 ||     2
         Trog's Hand       |       |       |     1 ||     1
 Armour: Animal skin       |    10 |     6 |    41 ||    57
  Dodge: Dodged            |     8 |     7 |    33 ||    48

Table legend: (Time is in decaauts)
 A = Elapsed time spent in this place.
 B = Non-inter-level travel time spent in this place.
 C = Inter-level travel time spent in this place.
 D = Time resting spent in this place.
 E = Time spent auto-exploring this place.
 F = Levels seen in this place.
 G = Mean time per level.
                   A        B        C        D        E       F      G
               +--------+--------+--------+--------+--------+-----+--------+
         Total |    342 |    342 |      0 |    192 |     21 |   1 |  342.0 |
       Dungeon |    342 |    342 |      0 |    192 |     21 |   1 |  342.0 |
               +--------+--------+--------+--------+--------+-----+--------+

Top non-repeatable levels by time:
       D: 342 daAuts
